 Dungeon Crawl Stone Soup version 0.30-a0-159-g068b764562 (webtiles) character file.

Game seed: 17995586914208317396

177 ragingrage the Conjurer (level 5, 0/26 (38) HPs)
             Began as a Demonspawn Reaver on Sept 27, 2022.
             Killed by divine providence
             ... invoked by an orc priest
              (7 damage)
             ... on level 4 of the Dungeon.
             The game lasted 00:03:06 (3187 turns).

ragingrage the Conjurer (Demonspawn Reaver)         Turns: 3187, Time: 00:03:06

HP:   0/26 (38)     AC:  7    Str: 12    XL:     5   Next: 30%
MP:   0/8           EV: 11    Int: 17    God:
Gold: 253           SH:  0    Dex: 13    Spells: 2/8 levels left

rFire   . . .      SeeInvis .    h - +0 trident
rCold   . . .      Faith    .    (no shield)
rNeg    . . .      Spirit   +    b - +0 leather armour
rPois   .          Reflect  .    (no helmet)
rElec   .          Harm     .    k - +0 cloak
rCorr   .          Rampage  .    q - +2 pair of gloves
Will    .....                    (no boots)
Stlth   ++........               (no amulet)
HPRegen 0.08/turn                (no ring)
MPRegen 0.22/turn                (no ring)

@: very heavily drained
A: thin skeletal structure 1, magic shield, magic regeneration, weakness stinger
1
a: no special abilities


You were on level 4 of the Dungeon.
You visited 1 branch of the dungeon, and saw 4 of its levels.

You collected 253 gold pieces.

Inventory:

Hand Weapons
 h - a +0 trident (weapon)
 o - the +3 short sword of Supply {vorpal, rElec}
   (You found it on level 2 of the Dungeon)

   It inflicts extra damage upon your enemies.
   rElec:     It insulates you from electricity.
Missiles
 a - 7 boomerangs
 e - 6 poisoned darts
Armour
 b - a +0 leather armour (worn)
 k - a +0 cloak (worn)
 q - a +2 pair of gloves (worn)
 s - the +1 scale mail of the Last Seas {rC+}
   (You found it on level 3 of the Dungeon)

   rC:        It protects you from cold.
Scrolls
 c - a scroll of blinking {unknown}
 d - 3 scrolls of identify {unknown}
 f - a scroll of magic mapping {unknown}
 g - a scroll of silence {unknown}
 i - a scroll of enchant armour {unknown}
 j - a scroll of immolation {unknown}
 m - a scroll of noise {unknown}
 p - 2 scrolls of teleportation {unknown}
 r - a scroll of fear {unknown}
Potions
 l - a potion of might {unknown}
 n - 2 potions of heal wounds {unknown}
 t - 2 potions of mutation {unknown}


   Skills:
 - Level 2.0 Fighting
 + Level 4.1 Polearms
 - Level 1.7 Dodging
 + Level 2.2 Spellcasting
 + Level 4.5 Conjurations
 + Level 0.8 Ice Magic


You had 2 spell levels left.
You knew the following spells:

 Your Spells              Type           Power      Damage    Failure   Level
a - Kiss of Death         Conj/Necr      36%        2d8       10%         1
b - Volcanic Tap          Conj/Fire/Erth 14%        3d8       19%         2
c - Hailstorm             Conj/Ice       11%        3d5       24%         3

Your spell library contained the following spells:

 Spells                   Type           Power      Damage    Failure   Level
 Foxfire                  Conj/Fire      36%        2x1d5     10%         1
 Ozocubu's Armour         Ice            4%         N/A       45%         3
 Tukima's Dance           Hex            1%         N/A       58%         3
 Passage of Golubria      Tloc           1%         N/A       94%         4
 Fireball                 Conj/Fire      4%         3d4       95%         5
 Yara's Violent Unravell  Hex/Tmut       0%         3d3       100%        5
 Starburst                Conj/Fire      4%         6d4       100%        6
 Ozocubu's Refrigeration  Ice            2%         4d7       100%        7


Dungeon Overview and Level Annotations

Branches:
Dungeon (4/15)
 Temple: D:4-7

Altars:
Fedhas

Shops:
D:1 [

Annotations:
D:2 exclusion: downstairs


Innate Abilities, Weirdness & Mutations

You have a somewhat thin skeletal structure. (Dex +2, Stealth+)
When hurt, damage is shared between your health and your magic reserves.
You regenerate magic rapidly.
You have a small tail.


Message History

Confirm with . or Enter, or press ? or * to list all spells.
Aiming: Kiss of Death (safe; 10% risk of failure)
Press: ? - help, Shift-Dir - straight line, f/p - hound
Aim: a hound (100% to hit)
You miscast Kiss of Death.
Nothing appears to happen.
The hound closely misses you. The hound bites you.
* * * LOW HITPOINT WARNING * * *
Casting: Kiss of Death (safe; 10% risk of failure)
Confirm with . or Enter, or press ? or * to list all spells.
Aiming: Kiss of Death (safe; 10% risk of failure)
Press: ? - help, Shift-Dir - straight line, f/p - hound
Aim: a hound (100% to hit)
The negative energy hits the hound!
The hound is drained!
The hound is severely wounded.
You feel drained. The hound closely misses you.
Casting: Kiss of Death (safe; 10% risk of failure)
Confirm with . or Enter, or press ? or * to list all spells.
Aiming: Kiss of Death (safe; 10% risk of failure)
Press: ? - help, Shift-Dir - straight line, f/p - hound
Aim: a hound (severely wounded, heavily drained, 100% to hit)
The negative energy hits the hound.
The hound is drained!
You kill the hound!
You feel drained.
You start resting.
A hound is nearby!
A hound is nearby!
A hound is nearby!
Found a stone staircase leading down.
You start resting.
A hound is nearby!
You start resting.
Your magical contamination has completely faded away.
You start resting.
A hound is nearby!
An orc wizard, an orc and an orc priest come into view.
The hound barks!
The orc wizard shouts!
The orc shouts!
The orc priest shouts!
An orc comes into view. It is wielding a +0 club.
The orc priest invokes the aid of Beogh against you.
Beogh smites you!
You die...

#### >. ..####
.......##.....## .
.... .....^...#.
..##..##..........
....#.............
#................#
#.........!.....#
#.......h.......#
#.....@##.##..##
#........## .
##....)<.###....
#.....o†oo...#
#......o..o....
#.............h
##...........#.
#...........##
##.........o#


You could see a hound, an orc priest, an orc wizard and 3 orcs.

Vanquished Creatures
  A hound (D:4)
  An orc priest (D:2)
  4 adders
  A worm (D:2)
  2 dart slugs (D:1)
  5 orcs
  10 ball pythons
  3 bats (D:1)
  6 endoplasms (D:1)
  2 giant cockroaches (D:1)
  5 goblins
  5 hobgoblins
  8 jackals
  3 quokkas (D:1)
  6 frilled lizards
  A kobold (D:1)
  4 rats
67 creatures vanquished.

Vanquished Creatures (others)
  5 fungi (D:2)
  6 toadstools (D:2)
11 creatures vanquished.

Grand Total: 78 creatures vanquished

Notes
Turn   | Place    | Note
-------+----------+-------------------------------------------
     0 | D:1      | ragingrage the Demonspawn Reaver began the quest for the
                  | Orb.
     0 | D:1      | Reached XP level 1. HP: 16/16 MP: 3/3
   122 | D:1      | Gained mutation: You regenerate magic rapidly. [demonic
                  | ancestry]
   122 | D:1      | Reached XP level 2. HP: 17/22 MP: 5/5
   282 | D:1      | Learned a level 2 spell: Volcanic Tap
   447 | D:1      | Found Raffam's Armour Emporium.
   736 | D:1      | Gained mutation: When hurt, damage is shared between your
                  | health and your magic reserves. [demonic ancestry]
   736 | D:1      | Reached XP level 3. HP: 27/27 MP: 6/6
  1657 | D:1      | Learned a level 3 spell: Hailstorm
  1714 | D:2      | Found a blossoming altar of Fedhas.
  2166 | D:2      | Gained mutation: You have a small tail. [demonic ancestry]
  2166 | D:2      | Reached XP level 4. HP: 22/30 MP: 4/7
  2262 | D:2      | Identified the +3 short sword of Supply {vorpal, rElec}
  2909 | D:3      | Noticed an ice beast
  3072 | D:3      | Identified the +1 scale mail of the Last Seas {rC+}
  3143 | D:4      | Gained mutation: You have a somewhat thin skeletal
                  | structure. (Dex +2, Stealth+) [demonic ancestry]
  3143 | D:4      | Reached XP level 5. HP: 12/33 MP: 3/8
  3187 | D:4      | Killed from afar by an orc priest

Illustrated notes

Levels and vault maps discovered:
D:1:      sevenhm_arrival_forest_fort_small_5, layout_loops_corners,
          serial_shops, shop_coins, minmay_quantized
D:2:      layout_basic, basic_altar, chequers_serial_rivers_small_b,
          minmay_gold_behind_fungi
D:3:      layout_rooms, tso_altar, basic_ecumenical_altar, uniq_terence,
          uniq_jessica
D:4:      layout_cave_pools, gup_sewer_entry_bubbles, uniq_crazy_yiuf_cottage

Skill      XL: |  1  2  3  4 |
---------------+-------------+-----
Polearms       | 3 4 |  4.1
Conjurations   | 4 |  4.5
Fighting       | |  2.0
Dodging        | |  1.7
Spellcasting   | |  2.2
Ice Magic      | |  0.8

Action                   |  1- 3 |  4- 6 || total
-------------------------+-------+-------++-------
Melee: Spear             |   106 |       ||   106
       Trident           |    49 |    79 ||   128
       Punch             |     1 |       ||     1
       Tailslap          |       |     8 ||     8
 Cast: Kiss of Death     |     1 |     3 ||     4
       Hailstorm         |       |     1 ||     1
 Stab: Sleeping          |     2 |       ||     2
Armor: Leather armour    |    38 |    32 ||    70
Dodge: Dodged            |    70 |    85 ||   155

Table legend: (Time is in decaauts)
 A = Elapsed time spent in this place.
 B = Non-inter-level travel time spent in this place.
 C = Inter-level travel time spent in this place.
 D = Time resting spent in this place.
 E = Time spent auto-exploring this place.
 F = Levels seen in this place.
 G = Mean time per level.
                   A        B        C        D        E       F      G
               +--------+--------+--------+--------+--------+-----+--------+
         Total |   3212 |   3026 |    186 |    539 |   1986 |   4 |  803.0 |
       Dungeon |   3212 |   3026 |    186 |    539 |   1986 |   4 |  803.0 |
               +--------+--------+--------+--------+--------+-----+--------+

Top non-repeatable levels by time:
     D:1: 1709 daAuts
     D:2: 1268 daAuts
     D:3: 185 daAuts
     D:4: 48 daAuts
